 Dungeon Crawl Stone Soup version 0.23-a0-373-g305c090 (webtiles) character file.

11274 Garbasso the Grappler (level 11, -4/140 HPs)
             Began as an Ogre Transmuter on Oct 25, 2018.
             Was a Believer of Makhleb.
             Slain by a death yak (10 damage)
             ... led by a torpor snail
             ... on level 2 of the Lair of Beasts.
             The game lasted 00:36:14 (12235 turns).

Garbasso the Grappler (Ogre Transmuter)            Turns: 12235, Time: 00:36:15

Health: -4/140     AC:  6    Str: 16    XL:     11   Next: 75%
Magic:  9/18       EV: 17    Int: 17    God:    Makhleb [**....]
Gold:   643        SH:  0    Dex:  9    Spells: 4/20 levels left

rFire    x . .     SeeInvis .     - Unarmed
rCold    + + +     Gourm    .   (shield currently unavailable)
rNeg     . . .     Faith    .   (armour currently unavailable)
rPois    +         Spirit   .   (helmet currently unavailable)
rElec    .         Reflect  .   (cloak currently unavailable)
rCorr    .         Harm     .   (gloves unavailable)
MR       +....                  (boots unavailable)
Stlth    +.........             y - amulet of magic regeneration
HPRegen  0.33/turn              e - +6 ring of evasion
MPRegen  0.41/turn              z - ring of poison resistance

@: about to teleport, ice-form, very slightly contaminated, slowed, very slow
A: large, unfitting armour
a: End Transformation, Minor Destruction, Renounce Religion


You were on level 2 of the Lair of Beasts.
You worshipped Makhleb.
Makhleb was pleased with you.
You were not hungry.
You were a creature of crystalline ice.
You visited 2 branches of the dungeon, and saw 10 of its levels.

You collected 643 gold pieces.

Inventory:

Missiles
 a - 164 arrows
 n - 3 large rocks {=f}
 M - 7 javelins (quivered)
Armour
 u - a +1 cloak (melded)
 D - a +2 robe of resistance
 I - a +0 troll leather armour (melded)
 N - a +0 hat (melded)
Jewellery
 e - a +6 ring of evasion (left front paw)
 h - an uncursed ring of ice
 y - an amulet of magic regeneration (around neck)
 z - a ring of poison resistance (right front paw)
 F - an uncursed amulet of rage {unknown}
 G - an uncursed ring of protection from magic
 J - an uncursed ring of protection from fire
 O - an uncursed ring of positive energy
Wands
 c - a wand of polymorph (34)
 v - a wand of flame (48)
 E - a wand of digging (21)
 H - a wand of clouds (7)
Scrolls
 f - a scroll of amnesia
 g - a scroll of blinking
 k - 4 scrolls of remove curse
 o - 4 scrolls of teleportation
 r - a scroll of enchant weapon
 x - a scroll of enchant armour
 A - 2 scrolls of fog
 B - 2 scrolls of identify
 C - a scroll of vulnerability
Potions
 b - a potion of brilliance {unknown}
 i - a potion of heal wounds
 j - 2 potions of berserk rage
 l - 4 potions of haste
 m - 2 potions of lignification
 p - a potion of invisibility
 q - 2 potions of cancellation
 s - 2 potions of flight {unknown}
 t - a potion of magic {unknown}
 w - 3 potions of curing
Comestibles
 d - 13 rations


   Skills:
 + Level 10.1 Fighting
 + Level 5.1 Dodging
 * Level 10.6 Unarmed Combat
 - Level 5.3 Spellcasting
 + Level 7.6 Transmutations
 - Level 3.0 Ice Magic
 + Level 5.5 Invocations


You had 4 spell levels left.
You knew the following spells:

 Your Spells              Type           Power        Failure   Level  Hunger
a - Beastly Appendage     Tmut           ####..       1%          1    None
b - Sticks to Snakes      Tmut           ####....     1%          2    #......
c - Spider Form           Tmut/Pois      ###.......   9%          3    ##.....
d - Ice Form              Ice/Tmut       ###.....     16%         4    ####...
e - Confusing Touch       Hex            #.....       14%         1    None
f - Blade Hands           Tmut           ####......   17%         5    ######.

Your spell library contained the following spells:

 Spells                   Type           Power        Failure   Level  Hunger
 Magic Dart               Conj           #...         14%         1    None
 Blink                    Tloc           N/A          22%         2    #......
 Call Imp                 Summ           #.......     22%         2    #......
 Slow                     Hex            #.......     22%         2    #......
 Petrify                  Tmut/Erth      ###.....     28%         4    ####...
 Confuse                  Hex            #.......     38%         3    ##.....
 Conjure Flame            Conj/Fire      #.......     38%         3    ##.....
 Gell's Gravitas          Tloc           #.........   38%         3    ##.....
 Mephitic Cloud           Conj/Pois/Air  #.......     38%         3    ##.....
 Yara's Violent Unravell  Hex/Tmut       ###.......   63%         5    ######.
 Metabolic Englaciation   Hex/Ice        #.........   91%         5    ######.


Dungeon Overview and Level Annotations

Branches:
Dungeon (8/15)             Temple (0/1) D:7            Lair (2/6) D:8
 Spider (0/4) Lair:2
  Swamp: Lair:2-4    Shoals: Lair:2-4

Altars:
Cheibriados
Elyvilon
Gozag
Kikubaaqudgha
Makhleb
Qazlal
Ru
Xom
Yredelemnul
Zin

Shops:
D:5 *   D:6 *

Annotations:
D:5 3 runed doors, DrakeDragon's ghost, novice MfSk; coffeespoons's ghost, novice TrHu


Innate Abilities, Weirdness & Mutations

You are too large for most types of armour.
((You have tough skin. (AC +1)))


Message History

Your ball python closely misses the death yak.
Your adder bites the torpor snail but does no damage.
The death yak gores your adder!!
Your adder dies!
Your water moccasin bites the death yak but does no damage.
You hit the torpor snail. You freeze the torpor snail.
The torpor snail is heavily wounded.
The torpor snail bites you!
* * * LOW HITPOINT WARNING * * *
Your water moccasin bites the death yak but does no damage.
As you read the scroll of teleportation, it crumbles to dust.
You feel strangely unstable. The death yak closely misses you.
The death yak gores you.
* * * LOW HITPOINT WARNING * * *
Your ball python bites the death yak.
Your water moccasin bites the death yak but does no damage.
The torpor snail bites you!!
* * * LOW HITPOINT WARNING * * *
The death yak gores you!
You die...

,,,,,* ##....P#
,,**** #..†...# ,**
#.....## ,* #.....P#
** ##....## * #.....#
* #....## ##....#
#..Y..# #.YwY.#
##.SS.# #....# #....#
#....#* * ********
*#.....*
****,,*,*,****P....##
,,,,,,,,,,,,,,.....#*


You could see 2 death yaks, a torpor snail, a friendly water moccasin and a
friendly ball python.

Vanquished Creatures
  Gastronok (Lair:2)
  A two-headed ogre (D:7)
  Sonja (Lair:2)
  Pikel (D:4)
  Joseph (D:7)
  A spiny frog (Lair:2)
  A gargoyle (D:8)
  A komodo dragon (Lair:1)
  A hornet (D:8)
  A troll (D:8)
  3 blink frogs (Lair:2)
  2 hippogriffs (D:7)
  Sigmund (D:2)
  Grum (D:8)
  2 wargs (D:8)
  2 water moccasins (Lair:1)
  Duvessa (D:4)
  5 orc warriors
  2 porcupines (Lair:1)
  Purgy (D:3)
  A sky beast (D:8)
  A slave (D:4)
  3 ogres
  6 centaurs
  A crocodile (Lair:1)
  4 wolves
  8 bullfrogs
  A gnoll sergeant (D:5)
  Dowan (D:4)
  9 scorpions
  5 crimson imps
  3 howler monkeys
  3 hounds
  2 jellies
  13 orc wizards
  2 bullfrog skeletons
  A centaur skeleton (D:5)
  6 orc priests
  A gnoll shaman (D:6)
  2 iguanas
  Crazy Yiuf (D:2)
  Terence (D:3)
  Natasha (thrice) (D:2 D:3)
  3 worker ants
  A howler monkey zombie (D:7)
  12 adders
  8 gnolls
  2 howler monkey skeletons
  5 worms
  4 dart slugs
  6 leopard geckos
  28 orcs
  6 giant cockroaches
  10 goblins
  10 hobgoblins
  16 jackals
  5 kobolds
  6 quokkas
  18 bats
  2 frilled lizards
  A leopard gecko skeleton (D:2)
  A leopard gecko zombie (D:6)
  A quokka skeleton (D:4)
  7 rats
  A spectral orc (D:7)
261 creatures vanquished.

Vanquished Creatures (collateral kills)
  A spiny frog (Lair:1)
  Grinder (D:4)
  A basilisk (Lair:1)
  Robin (D:3)
  2 gnolls (D:5)
  3 goblins (D:3)
9 creatures vanquished.

Vanquished Creatures (others)
  2 slaves (D:4)
  6 orcs
  A quokka (D:6)
  3 withered plants (D:5)
12 creatures vanquished.

Grand Total: 282 creatures vanquished

Notes
Turn   | Place    | Note
-------+----------+-------------------------------------------
     0 | D:1      | Garbasso the Ogre Transmuter began the quest for the Orb.
     0 | D:1      | Reached XP level 1. HP: 19/19 MP: 3/3
    46 | D:1      | Reached XP level 2. HP: 21/28 MP: 5/5
   444 | D:1      | Learned a level 2 spell: Sticks to Snakes
   574 | D:1      | Reached XP level 3. HP: 32/35 MP: 6/6
   579 | D:1      | Learned a level 3 spell: Spider Form
  1195 | D:2      | Noticed Sigmund
  1209 | D:2      | Killed Sigmund
  1209 | D:2      | Reached XP level 4. HP: 37/45 MP: 4/7
  1209 | D:2      | Reached XP level 5. HP: 44/53 MP: 4/8
  1402 | D:2      | Reached XP level 6. HP: 59/61 MP: 5/9
  1628 | D:2      | Noticed Natasha
  1630 | D:2      | Killed Natasha
  1848 | D:2      | Found a runed door.
  1853 | D:2      | Noticed Crazy Yiuf
  1859 | D:2      | Killed Crazy Yiuf
  1880 | D:2      | Learned a level 4 spell: Ice Form
  2257 | D:3      | Noticed Natasha
  2265 | D:3      | Killed Natasha
  2265 | D:3      | Reached XP level 7. HP: 58/70 MP: 7/11
  2470 | D:3      | Found an opulent altar of Gozag.
  2471 | D:3      | Noticed Robin
  2509 | D:3      | Killed Robin
  2817 | D:3      | Noticed Purgy
  2832 | D:3      | Killed Purgy
  2832 | D:3      | Reached skill level 5 in Unarmed Combat
  2832 | D:3      | Reached skill level 1 in Ice Magic
  2945 | D:3      | Noticed Terence
  2953 | D:3      | Killed Terence
  3054 | D:3      | Noticed Natasha
  3664 | D:3      | Killed Natasha
  3823 | D:4      | Noticed Duvessa
  3843 | D:4      | Noticed Dowan
  3846 | D:4      | Killed Duvessa
  3866 | D:4      | Killed Dowan
  3866 | D:4      | Reached skill level 5 in Fighting
  3866 | D:4      | Reached XP level 8. HP: 30/80 MP: 9/12
  4501 | D:4      | Noticed Grinder
  4504 | D:4      | Paralysed by Grinder for 2 turns
  4515 | D:4      | Paralysed by Grinder for 4 turns
  4528 | D:4      | Killed Grinder
  4823 | D:4      | Noticed Pikel
  4840 | D:4      | Killed Pikel
  4840 | D:4      | Reached skill level 5 in Transmutations
  5256 | D:5      | Entered Level 5 of the Dungeon
  5371 | D:5      | Reached XP level 9. HP: 90/92 MP: 15/15
  5436 | D:5      | Found Duch's Desiderata Depot.
  5502 | D:5      | Found a runed gate.
  5502 | D:5      | Found a runed gate.
  5502 | D:5      | Found a runed gate.
  5714 | D:5      | Noticed coffeespoons's ghost (novice TrHu)
  5715 | D:5      | Noticed DrakeDragon's ghost (novice MfSk)
  6837 | D:6      | Reached skill level 5 in Spellcasting
  6924 | D:6      | Found a glowing silver altar of Zin.
  6927 | D:6      | Found Zin's Purification Station.
  7474 | D:6      | Found a burning altar of Makhleb.
  7474 | D:6      | Noticed a green death
  7477 | D:6      | Noticed a smoke demon
  7479 | D:6      | Became a worshipper of Makhleb the Destroyer
  7641 | D:6      | Found a white marble altar of Elyvilon.
  7906 | D:6      | Reached skill level 1 in Invocations
  8007 | D:7      | Reached XP level 10. HP: 63/104 MP: 17/17
  8323 | D:7      | Noticed Joseph
  8338 | D:7      | Killed Joseph
  8502 | D:7      | Found a basalt altar of Yredelemnul.
  8555 | D:7      | Found a staircase to the Ecumenical Temple.
  8613 | D:7      | Reached * piety under Makhleb
  8753 | D:7      | Found a snail-covered altar of Cheibriados.
  8755 | D:7      | Found a stormy altar of Qazlal.
  8791 | D:7      | Found a sacrificial altar of Ru.
  8791 | D:7      | Found an ancient bone altar of Kikubaaqudgha.
  8793 | D:7      | Found a shimmering altar of Xom.
  9060 | D:8      | Noticed Grum
  9076 | D:8      | Noticed a two-headed ogre
  9091 | D:7      | Killed a two-headed ogre
  9505 | D:8      | Killed Grum
  9814 | D:8      | Noticed a gargoyle
  9834 | D:8      | Killed a gargoyle
  9842 | D:8      | Found a staircase to the Lair.
 10004 | D:8      | Reached XP level 11. HP: 115/115 MP: 15/18
 10258 | D:8      | Learned a level 1 spell: Confusing Touch
 10405 | D:8      | Reached ** piety under Makhleb
 10476 | D:8      | Found the +7 Singing Sword {slice, sonic wave}
 10689 | D:8      | Learned a level 5 spell: Blade Hands
 10979 | Lair:1   | Entered Level 1 of the Lair of Beasts
 11092 | Lair:1   | Reached skill level 10 in Unarmed Combat
 11910 | Lair:2   | Found a hole to the Spider Nest.
 11919 | Lair:2   | Noticed Sonja
 11923 | Lair:2   | Reached skill level 5 in Invocations
 11927 | Lair:2   | Killed Sonja
 11949 | Lair:2   | Noticed Gastronok
 11966 | Lair:2   | Killed Gastronok
 11966 | Lair:2   | Reached skill level 10 in Fighting
 11966 | Lair:2   | Reached skill level 5 in Dodging
 12224 | Lair:2   | Noticed a death yak
 12225 | Lair:2   | Noticed a death yak
 12235 | Lair:2   | HP: 6/140 [torpor snail (22)]
 12235 | Lair:2   | Slain by a death yak

Vault maps used:
D:1:      ncdulo_halloftheorcs
D:2:      minmay_pentomino_s2, uniq_sigmund, uniq_natasha,
          uniq_crazy_yiuf_cottage
D:3:      first_ration, hangedman_abyss_or_decor_lesser_grid,
          nicolae_gozag_cash_rules_everything_around_me, uniq_robin, uniq_purgy,
          uniq_terence
D:4:      uniq_grinder, uniq_pikel, uniq_duvessa
D:5:      gammafunk_ghost_cemetery, chequers_serial_rivers_micro_a,
          nicolae_alphabet_shops
D:6:      minmay_cornered_nines, elyvilon_altar_4, zin_purify,
          makhleb_altar_promises_db
D:7:      yredelemnul_forgotten_temple_becter, nicolae_overflow_hidden_temple,
          minmay_temple_entry_nine_rooms, uniq_joseph
D:8:      old_forge, erik_lair_orcish_takeover, uniq_grum
Lair:2:   dummy_spider_entry, lab_entry_generic, serial_bayou_shore_b,
          serial_bayou_shore_b, infiniplex_staircase_pool_2, uniq_gastronok,
          uniq_sonja

Skill      XL: |  1  2  3  4  5  6  7  8  9 10 11 |
---------------+----------------------------------+-----
Transmutations | 2 3 4 5 6 7 |  7.6
Unarmed Combat | 3 4 5 6 8 9 10 | 10.6
Fighting       | 2 3 4 5 6 7 9 10 | 10.1
Ice Magic      | 2 3 |  3.0
Spellcasting   | 4 5 |  5.3
Dodging        | 2 4 5 |  5.1
Invocations    | 1 4 5 |  5.5

Action                   |  1- 3 |  4- 6 |  7- 9 | 10-12 || total
-------------------------+-------+-------+-------+-------++-------
Melee: Unarmed           |   116 |   112 |   401 |   285 ||   914
       Kick              |     8 |       |    20 |       ||    28
       Headbutt          |     2 |     5 |     9 |     2 ||    18
       Punch             |       |     1 |    11 |     4 ||    16
Throw: Stone             |    29 |       |       |       ||    29
       Tomahawk          |     4 |     3 |     7 |       ||    14
       Large rock        |       |     2 |       |       ||     2
 Cast: Beastly Appendage |     6 |     3 |    16 |     2 ||    27
       Spider Form       |     2 |     9 |    17 |     3 ||    31
       Sticks to Snakes  |       |       |    18 |    24 ||    42
       Ice Form          |       |       |     7 |    26 ||    33
       Confusing Touch   |       |       |       |     2 ||     2
       Blade Hands       |       |       |       |     1 ||     1
 Abil: End Transformatio |       |       |     5 |       ||     5
  Use: Scroll            |       |     1 |    14 |     7 ||    22
       Potion            |       |       |     1 |     2 ||     3
 Stab: Sleeping          |       |       |     1 |       ||     1
       Distracted        |       |       |       |     1 ||     1
  Eat: Chunk             |     1 |     5 |    23 |    14 ||    43
       Ration            |       |       |       |     2 ||     2
Armor: Robe              |    39 |    13 |    38 |    19 ||   109
       Skin              |       |       |     9 |    44 ||    53
       Troll leather arm |       |       |       |    10 ||    10
Dodge: Dodged            |    89 |    83 |   319 |   263 ||   754

Table legend:
 A = Non-vault XP
 B = Vault XP
 C = Vault XP percentage of total XP
 D = Non-vault monster count
 E = Vault monster count
 F = Vault count percentage of total count
                 A         B        C        D         E       F
            +---------+---------+-------+---------+---------+-------
      Total |    9909 |    6197 |  38.5 |     211 |      58 |  21.6
            +---------+---------+-------+---------+---------+-------
        D:1 |      66 |       0 |   0.0 |      26 |       0 |   0.0
        D:2 |     128 |     307 |  70.6 |      24 |       4 |  14.3
        D:3 |     249 |     205 |  45.2 |      31 |      15 |  32.6
        D:4 |     309 |    1019 |  76.7 |      15 |       4 |  21.1
        D:5 |     728 |       0 |   0.0 |      19 |       0 |   0.0
        D:6 |    1167 |     124 |   9.6 |      28 |       3 |   9.7
        D:7 |    2457 |     816 |  24.9 |      27 |       5 |  15.6
        D:8 |    1763 |    1231 |  41.1 |      25 |      25 |  50.0
     Lair:1 |    1889 |       0 |   0.0 |      12 |       0 |   0.0
     Lair:2 |    1153 |    2495 |  68.4 |       4 |       2 |  33.3
            +---------+---------+-------+---------+---------+-------
